AoeStats
← Amaker84

Arabia

508433608Analyzed
1v1 RM · 10d ago on Sep 22, 2026· 23m 1s· 2 players
Game mode
Random Map
Map size
Tiny (2 player)
Population
200
Speed
Normal
Resources
Standard
Victory
Conquest
Starting age
Dark Age
Ending age
Imperial Age
RankedLock teamsTeams togetherTeam positionsShared explorationLock speedFull tech treeHidden civsTurbo modeCheats
Victory
Defeat
🇺🇸 Spanish · United States
1108
+16
🇪🇸 Italians · Spain
1108
-16
Amaker84
5:05 Loom
9:31 Feudal Age
10:05 Double-Bit Axe
19:56 Castle Age
19:17 Fletching
19:29 Padded Archer Armor
20:01 Horse Collar
22:36 Elite Skirmisher
dean
8:01 Loom
10:28 Feudal Age
17:30 Castle Age
Connection lost

Rejoining the realm…

Still unreachable

The connection could not be restored.

Session expired

The server has moved on; the page needs a fresh start.